 Dungeon Crawl Stone Soup version 0.30-a0-263-ge22c4ad894 (webtiles) character file.

Game seed: 13641624104507855751

23708 Anon1729 the Grand Scion (level 12, -13/86 HPs)
             Began as a Mummy Monk on Oct 13, 2022.
             Was a High Priest of Hepliaklqana.
             Mangled by a minotaur
             ... wielding a +4 trident of flaming
              (23 damage)
             ... in a Gauntlet.
             The game lasted 00:36:39 (13656 turns).

Anon1729 the Grand Scion (Mummy Monk)              Turns: 13656, Time: 00:36:40

Health: -13/86     AC: 12    Str: 19    XL:     12   Next: 74%
Magic:  0/28       EV: 12    Int:  9    God:    Hepliaklqana [*****.]
Gold:   446        SH:  0    Dex: 15    Spells: 11/11 levels left

rFire   . . .      SeeInvis .    x - staff of death
rCold   . . .      Faith    +    (no shield)
rNeg    + + +      Spirit   +    b - +0 acid dragon scales
rPois   ∞          Reflect  .    J - +0 helmet
rElec   .          Harm     .    D - +0 cloak
rCorr   +          Rampage  +    (no gloves)
Will    +....      NoTele   +    M - +1 pair of boots {rampage}
Stlth   ++........               i - amulet of guardian spirit
HPRegen 0.34/turn                K - ring of magical power
MPRegen 0.21/turn                E - ring of fire

@: no status effects
A: reduced essence, cold resistance 1, negative energy resistance 3, torment
resistance 2, heat vulnerability 1, in touch with death 1, no potions, faith
a: Renounce Religion, Recall Ancestor, Ancestor Identity, Transference, Idealise


You were in a Gauntlet.
You worshipped Hepliaklqana.
Hepliaklqana was extremely pleased with you.
You visited 3 branches of the dungeon, and saw 14 of its levels.
You also visited: Sewer and Gauntlet.

You collected 599 gold pieces.
You spent 153 gold pieces at shops.

Inventory:

Hand Weapons
 a - a +1 spear
 I - a +0 quarterstaff of freezing
Armour
 b - +0 acid dragon scales (worn)
 m - a +0 troll leather armour
 D - a +0 cloak (worn)
 J - a +0 helmet (worn)
 L - a scarf of shadows
 M - a +1 pair of boots of rampaging (worn)
Magical Staves
 d - a staff of air
 o - a staff of conjuration
 x - a staff of death (weapon)
Jewellery
 f - an amulet of regeneration
 i - an amulet of guardian spirit (around neck)
 k - a ring of wizardry
 n - an amulet of magic regeneration
 E - a ring of fire (right hand)
 G - a +6 ring of dexterity
 H - a ring of ice
 K - a ring of magical power (left hand)
Wands
 l - a wand of paralysis (4)
 y - a wand of roots (3)
 z - a wand of flame (2)
 A - a wand of polymorph (6)
 C - a wand of mindburst (8)
Scrolls
 c - 5 scrolls of butterflies
 e - 4 scrolls of enchant weapon
 g - 9 scrolls of poison
 h - 2 scrolls of magic mapping
 j - a scroll of teleportation
 p - 2 scrolls of immolation
 q - 2 scrolls of blinking
 r - 3 scrolls of identify
 s - a scroll of summoning
 t - 3 scrolls of enchant armour
 u - a scroll of noise
 v - 2 scrolls of silence
 w - a scroll of torment
 B - a scroll of amnesia
 F - 2 scrolls of vulnerability


   Skills:
 + Level 9.5 Fighting
 - Level 2.4(5.3) Polearms
 + Level 7.5(7.7) Staves
 + Level 7.3 Armour
 - Level 2.6 Dodging
 - Level 2.0 Stealth
 + Level 5.6 Necromancy
 * Level 10.2 Invocations
 + Level 7.4 Evocations


You had 11 spell levels left.
You didn't know any spells.
Your spell library contained the following spells:

 Spells                   Type           Power      Damage    Failure   Level
 Ozocubu's Armour         Ice            0%         N/A       83%         3
 Petrify                  Tmut/Erth      0%         N/A       99%         4
 Irradiate                Conj/Tmut      0%         3d11      100%        5
 Metabolic Englaciation   Hex/Ice        0%         N/A       100%        5
 Simulacrum               Ice/Necr       5%         N/A       100%        6
 Sublimation of Blood     Necr           Unusable   N/A       N/A         2

Dungeon Overview and Level Annotations

Branches:
Dungeon (12/15)            Temple (1/1) D:4            Lair (1/5) D:10
  Sewer (visited)         Gauntlet (1/1)
    Orc: D:9-12

Altars:
Cheibriados
Dithmenos
Fedhas
Gozag
Hepliaklqana
Kikubaaqudgha
Ru
Sif Muna
Trog
Vehumet
Wu Jian
Xom
Yredelemnul

Shops:
D:1 (   D:4 *   D:6 *   D:7 !

Portals:
Trove: D:10 (give 7 scrolls of fear)

Annotations:
D:3 Sigmund
D:4 3 runed translucent doors, Supernova1's ghost, amateur MiBe
D:7 3 runed translucent doors, Sapher's ghost, amateur MeEE
D:9 2 transporters, qtw55's ghost, novice GrEE Gauntlet 12 transporters, 21 runed translucent doors


Innate Abilities, Weirdness & Mutations

Your life essence is reduced to manifest your ancestor. (-10% HP)
You are immune to poison.
Your flesh is cold resistant. (rC+)
You are immune to negative energy. (rN+++)
You are immune to unholy pain and torment.
You are vulnerable to heat. (rF-)
You are in touch with the powers of death.
You do not drink.
You have a special connection with the divine. (Faith)


Message History

There is a transporter landing site here.
There is a transporter landing site here.
The wyvern changes into a human!
Press: ? - help, . - travel You can't see that place. [the floor.]
You swap places.
You swap places.
You swap places.
A minotaur comes into view.
It is wielding a +4 trident of flaming and wearing a +3 plate armour of willpower.
Found a mace.
Found a gate leading back out of this place.
The minotaur hits you with a +4 trident of flaming!
The minotaur burns you. The minotaur gores you!
Aiming: Mindburst
Press: ? - help, Shift-Dir - straight line, f - minotaur
Aim: a minotaur, wielding a +4 trident of flaming, wearing a +3 plate armour of willpower, wearing an amulet of the acrobat and quivering javelins (ally target, chance to affect: 4%)
Okay, then.
Unknown command.
You're wearing all the rings you can.
Remove which one? (? for menu, Esc to cancel) < or
K - a ring of magical power; > or
H - a ring of ice You remove your ring of ice.
You feel more attuned to fire.
E - a ring of fire (right hand) Eshargamelat hits the minotaur with a +0 dagger of draining.
The minotaur hits you with a +4 trident of flaming!!
The minotaur burns you!
The minotaur gores you but does no damage.
Okay, then.
Unknown command.
The minotaur attacks as you move away!
The minotaur hits you with a +4 trident of flaming!!
* * * LOW HITPOINT WARNING * * *
The minotaur burns you!
* * * LOW HITPOINT WARNING * * *
The minotaur gores you but does no damage.
Eshargamelat hits the minotaur with a +0 dagger of draining!
The minotaur hits you from afar with a +4 trident of flaming!!
You die...

####8..©.©.©.©.©.©..8####
### ###
#§...............≈#
#########.#########
#.............#
#.#.#########.#
#.#.........#.#
###.#######.#.#
#.#.##8.8##.#.#
#.#..#.∩.HR@#.#
#.####8.8#.##.# #..# ###
#.#..# ##.# ..#.##
#.#########.#
#...........#
#############


You could see the friendly Eshargamelat the hexer and a minotaur (ally target).

Vanquished Creatures
  Fannar (D:10)
  4 two-headed ogres
  9 death yaks
  An oklob plant (D:9)
  An ugly thing (Gauntlet)
  A cyclops (D:10)
  A cane toad (Lair:1)
  An eye of devastation (Gauntlet)
  An unseen horror (D:10)
  4 trolls
  A yak (D:11)
  A wraith (D:11)
  A golden eye (Gauntlet)
  4 vampire mosquitoes
  An acid dragon (D:8)
  2 water moccasins
  2 black bears
  A wolf (Lair:1)
  3 centaurs
  A kobold brigand (D:11)
  5 bullfrogs
  A necrophage (D:6)
  A scorpion (D:6)
  2 howler monkeys
  2 orc priests
  A hound (D:7)
  Ijyb (D:2)
  Natasha (thrice) (D:3)
  An iguana (D:6)
  3 orc wizards
  A hell rat (D:10)
  3 gnolls (D:4)
  8 adders
  6 river rats
  A shadow imp (D:8)
  2 white imps (D:7)
  An ufetubus (Temple)
  A worm (D:2)
  3 dart slugs
  25 orcs
  17 ball pythons
  5 bats
  6 endoplasms
  5 giant cockroaches
  5 goblins
  11 hobgoblins
  6 jackals
  2 quokkas
  7 frilled lizards
  10 kobolds
  29 rats
215 creatures vanquished.

Vanquished Creatures (collateral kills)
  A great orb of eyes (Gauntlet)
  A rakshasa (D:11)
  2 oklob plants (D:9)
  3 ugly things
  A cyclops (D:11)
  A black mamba (Lair:1)
  A gargoyle (D:11)
  An unseen horror (D:11)
  A kobold demonologist (D:11)
  3 trolls
  A hornet (D:8)
  3 flying skulls (Gauntlet)
  A shadow (D:11)
  2 water elementals (D:12)
  3 wraiths (D:10)
  A vampire (D:10)
  3 vampire mosquitoes
  A water moccasin (D:5)
  A floating eye (D:9)
  A black bear (D:5)
  An ice beast (D:5)
  3 orc warriors
  A sky beast (D:6)
  2 ogres
  2 wolves (Lair:1)
  4 centaurs
  2 phantoms
  2 kobold brigands
  4 bullfrogs
  A necrophage (D:7)
  A scorpion (D:5)
  3 orc priests
  2 iguanas
  7 orc wizards
  2 adders
  A shadow imp (D:8)
  A dart slug (D:4)
  17 orcs
  A goblin (Temple)
  3 kobolds
92 creatures vanquished.

Vanquished Creatures (others)
  12 hexers
  5 fungi (Gauntlet)
  28 plants
45 creatures vanquished.

Grand Total: 352 creatures vanquished

Notes
Turn   | Place    | Note
-------+----------+-------------------------------------------
     0 | D:1      | Anon1729 the Mummy Monk began the quest for the Orb.
     0 | D:1      | Reached XP level 1. HP: 18/18 MP: 1/1
    50 | D:1      | Reached XP level 2. HP: 16/24 MP: 2/2
   485 | D:1      | Found Dautaym's Weapon Emporium.
   834 | D:1      | Gained mutation: You are in touch with the powers of death.
                  | [Mummy growth]
   834 | D:1      | Reached XP level 3. HP: 29/29 MP: 3/3
  1233 | D:2      | Reached skill level 1 in Staves
  2026 | D:2      | Reached skill level 1 in Evocations
  2026 | D:2      | Reached XP level 4. HP: 33/35 MP: 4/4
  2220 | D:2      | Reached skill level 1 in Armour
  2253 | D:3      | Noticed Ijyb
  2347 | D:2      | Killed Ijyb
  2348 | D:2      | Reached XP level 5. HP: 9/42 MP: 5/5
  2738 | D:3      | Noticed Natasha
  2758 | D:3      | Killed Natasha
  2910 | D:3      | Noticed Natasha
  2943 | D:3      | Killed Natasha
  3010 | D:3      | Noticed Natasha
  3039 | D:3      | Killed Natasha
  3141 | D:3      | Noticed Sigmund
  3181 | D:4      | Found a runed translucent gate.
  3181 | D:4      | Found a runed translucent gate.
  3181 | D:4      | Found a runed translucent gate.
  3218 | D:4      | Found a sacrificial altar of Ru.
  3289 | D:4      | Found Jamat's Assorted Antiques.
  3330 | D:4      | Bought a scroll labelled YZXIETI TIAR for 25 gold pieces
  3330 | D:4      | Bought a scroll labelled EVOMOL IRHY for 25 gold pieces
  3330 | D:4      | Bought a scroll labelled EVOMOL IRHY for 25 gold pieces
  3349 | D:4      | Found a glowing drain.
  3360 | Sewer    | Entered a sewer
  3438 | Sewer    | Reached XP level 6. HP: 20/48 MP: 6/6
  3858 | Sewer    | HP: 1/49 [bullfrog (2)]
  4274 | D:4      | Found a staircase to the Ecumenical Temple.
  4316 | Temple   | Entered the Ecumenical Temple
  4336 | Temple   | Became a worshipper of Hepliaklqana the Forgotten
  4336 | Temple   | Reached * piety under Hepliaklqana
  4336 | Temple   | Reached ** piety under Hepliaklqana
  4337 | Temple   | Remembered your ancestor Eshargamelat as a hexer
  4376 | Temple   | Reached XP level 7. HP: 49/49 MP: 7/7
  4491 | D:4      | Reached skill level 5 in Fighting
  4621 | D:4      | Noticed Supernova1's ghost (amateur MiBe)
  4661 | D:4      | Found an ornate altar of the Wu Jian Council.
  4848 | D:5      | Entered Level 5 of the Dungeon
  4848 | D:5      | Found a blossoming altar of Fedhas.
  4963 | D:5      | Reached skill level 1 in Invocations
  5035 | D:5      | Reached skill level 2 in Invocations
  5035 | D:5      | Reached XP level 8. HP: 49/56 MP: 9/9
  5507 | D:5      | Reached skill level 3 in Invocations
  5562 | D:6      | Found Ufea's General Store.
  5576 | D:6      | Bought a scroll of identify for 26 gold pieces
  5576 | D:6      | Bought a scroll of poison for 52 gold pieces
  5604 | D:6      | You fall into a shaft and drop 1 floor!
  5803 | D:7      | Found Kalouj's Distillery.
  5833 | D:7      | Found a runed translucent gate.
  5833 | D:7      | Found a runed translucent gate.
  5833 | D:7      | Found a runed translucent gate.
  5836 | D:7      | Noticed a spectral unseen horror
  5838 | D:7      | Noticed Sapher's ghost (amateur MeEE)
  5881 | D:7      | Reached *** piety under Hepliaklqana
  6183 | D:7      | Reached skill level 4 in Invocations
  6261 | D:7      | Found an opulent altar of Gozag.
  6322 | D:7      | Reached XP level 9. HP: 62/62 MP: 12/12
  7595 | D:8      | Reached skill level 5 in Invocations
  7644 | D:8      | Found a shadowy altar of Dithmenos.
  7664 | D:8      | Noticed a two-headed ogre
  7712 | D:8      | Killed a two-headed ogre
  7731 | D:8      | Reached **** piety under Hepliaklqana
  7806 | D:8      | Reached skill level 5 in Staves
  7889 | D:8      | Found a bloodstained altar of Trog.
  8084 | D:8      | Reached skill level 5 in Evocations
  8171 | D:8      | Reached skill level 6 in Invocations
  8551 | D:9      | Noticed an oklob plant
  8599 | D:9      | Reached XP level 10. HP: 38/71 MP: 14/14
  8747 | D:9      | Reached skill level 5 in Armour
  8785 | D:9      | Noticed an oklob plant
  8795 | D:9      | Paralysed by a floating eye for 3 turns
  8800 | D:9      | Paralysed by a floating eye for 4 turns
  8809 | D:9      | Killed an oklob plant
  8809 | D:9      | Paralysed by a floating eye for 2 turns
  8854 | D:9      | Noticed an oklob plant
  8863 | D:9      | Killed an oklob plant
  8915 | D:9      | Killed an oklob plant
  9173 | D:9      | Found a transporter.
  9175 | D:9      | Found a transporter.
  9176 | D:9      | Noticed qtw55's ghost (novice GrEE)
  9234 | D:9      | Reached ***** piety under Hepliaklqana
  9298 | D:9      | Found a shimmering altar of Xom.
  9372 | D:9      | Reached skill level 7 in Invocations
  9483 | D:10     | Entered Level 10 of the Dungeon
  9488 | D:10     | Noticed Fannar
  9518 | D:10     | Killed Fannar
  9519 | D:10     | Reached skill level 1 in Necromancy
  9646 | D:10     | Noticed a two-headed ogre
  9733 | D:10     | Killed a two-headed ogre
  9799 | D:10     | Found a basalt altar of Yredelemnul.
  9825 | D:10     | Found a snail-covered altar of Cheibriados.
 10102 | D:10     | Found a portal to a secret trove of treasure.
 10273 | D:10     | Noticed a death yak
 10280 | D:10     | Noticed a death yak
 10283 | D:10     | Noticed a death yak
 10286 | D:10     | Killed a death yak
 10287 | D:10     | Reached XP level 11. HP: 41/77 MP: 16/16
 10301 | D:10     | Killed a death yak
 10305 | D:10     | Killed a death yak
 10332 | D:10     | Found a staircase to the Lair.
 10668 | D:11     | Reached skill level 8 in Invocations
 10686 | D:11     | Noticed a red ugly thing
 10725 | D:11     | Killed a red ugly thing
 11183 | D:11     | Noticed a rakshasa
 11185 | D:11     | Noticed a brown ugly thing
 11542 | D:11     | Noticed a two-headed ogre
 11555 | D:11     | Killed a two-headed ogre
 11563 | D:11     | Noticed a two-headed ogre
 11665 | D:10     | Killed a two-headed ogre
 11732 | D:11     | Killed a brown ugly thing
 11733 | D:11     | Reached skill level 9 in Invocations
 12129 | D:11     | Killed a rakshasa
 12130 | D:11     | Reached XP level 12. HP: 28/84 MP: 18/18
 12591 | Lair:1   | Entered Level 1 of the Lair of Beasts
 12621 | Lair:1   | Noticed a death yak
 12622 | Lair:1   | Noticed a death yak
 12622 | Lair:1   | Noticed a death yak
 12623 | Lair:1   | Noticed a death yak
 12639 | Lair:1   | Noticed a death yak
 12644 | Lair:1   | Noticed a death yak
 12648 | Lair:1   | Killed a death yak
 12648 | Lair:1   | Killed a death yak
 12654 | Lair:1   | Killed a death yak
 12654 | Lair:1   | Killed a death yak
 12655 | Lair:1   | Reached skill level 5 in Necromancy
 12656 | Lair:1   | Killed a death yak
 12667 | Lair:1   | Killed a death yak
 12670 | Lair:1   | Found a gate leading to a gauntlet.
 12724 | Gauntlet | Entered a Gauntlet
 12724 | Gauntlet | Found a transporter.
 12743 | Gauntlet | Found a transporter.
 12748 | Gauntlet | Found a transporter.
 12753 | Gauntlet | Found a transporter.
 12762 | Gauntlet | Noticed a great orb of eyes
 12768 | Gauntlet | Found a transporter.
 12787 | Gauntlet | Found a transporter.
 12799 | Gauntlet | Found a transporter.
 12807 | Gauntlet | Found a large runed translucent door.
 12808 | Gauntlet | Found a large runed translucent door.
 12809 | Gauntlet | Found a large runed translucent door.
 12809 | Gauntlet | Found a large runed translucent door.
 12810 | Gauntlet | Found a runed translucent gate.
 12811 | Gauntlet | Found a transporter.
 12811 | Gauntlet | Found a runed translucent gate.
 12812 | Gauntlet | Found a runed translucent gate.
 12813 | Gauntlet | Found a large runed translucent door.
 12813 | Gauntlet | Found a large runed translucent door.
 12814 | Gauntlet | Found a large runed translucent door.
 12814 | Gauntlet | Noticed a blizzard demon
 12815 | Gauntlet | Found a large runed translucent door.
 12823 | Gauntlet | Found a transporter.
 12835 | Gauntlet | Found a transporter.
 12852 | Gauntlet | Found a transporter.
 12870 | Gauntlet | Found a transporter.
 12872 | Gauntlet | Found a transporter.
 12883 | Gauntlet | Noticed a catoblepas
 12897 | Gauntlet | Found a transporter.
 12899 | Gauntlet | Found a transporter.
 12919 | Gauntlet | Found a transporter.
 12995 | Gauntlet | Noticed a boulder beetle
 12997 | Gauntlet | Found a transporter.
 13000 | Gauntlet | a boulder beetle changed into an ettin
 13000 | Gauntlet | Noticed an ettin (glowing shapeshifter)
 13004 | Gauntlet | an ettin changed into a boulder beetle
 13004 | Gauntlet | Noticed a boulder beetle (glowing shapeshifter)
 13013 | Gauntlet | Found a large runed translucent door.
 13013 | Gauntlet | Found a large runed translucent door.
 13013 | Gauntlet | Found a runed translucent door.
 13013 | Gauntlet | Found a runed translucent door.
 13013 | Gauntlet | Noticed a quicksilver ooze
 13014 | Gauntlet | Found a large runed translucent door.
 13015 | Gauntlet | Found a large runed translucent door.
 13017 | Gauntlet | Found a transporter.
 13033 | Gauntlet | Found a large runed translucent door.
 13033 | Gauntlet | Found a large runed translucent door.
 13034 | Gauntlet | Found a large runed translucent door.
 13035 | Gauntlet | Found a large runed translucent door.
 13065 | Gauntlet | Noticed a radroach
 13069 | Gauntlet | a radroach changed into a slime creature
 13071 | Gauntlet | a slime creature changed into a jorogumo
 13071 | Gauntlet | Noticed a jorogumo (glowing shapeshifter)
 13073 | Gauntlet | a jorogumo changed into a quicksilver ooze
 13073 | Gauntlet | Noticed a quicksilver ooze (glowing shapeshifter)
 13077 | Gauntlet | a quicksilver ooze changed into something unseen
 13093 | Gauntlet | Noticed an anaconda
 13094 | Gauntlet | an anaconda changed into a steelbarb worm
 13213 | Gauntlet | Reached skill level 10 in Invocations
 13448 | Gauntlet | Killed a great orb of eyes
 13651 | Gauntlet | Noticed a minotaur
 13656 | Gauntlet | Mangled by a minotaur

Illustrated notes

Levels and vault maps discovered:
D:1:      dpeg_arrival_water_temple_mockup, layout_basic, serial_shops,
          nicolae_shop_hallway_stairs, minmay_three_crescents
D:2:      layout_basic, minmay_tromino_v4_a
D:3:      layout_loops_ring, minmay_misc_feat_plants, uniq_natasha,
          uniq_sigmund, uniq_ijyb
D:4:      layout_loops_ring, nzn_wu_jian_council_hall, lemuel_round_altar,
          minmay_temple_entry_hall, gammafunk_ghost_icy, serial_shops,
          nicolae_shop_trees, portal_sewer_entry_d
D:5:      layout_loops_cross, fedhas_altar_2, dk_vineyard_3
D:6:      layout_loops_ring, serial_shops, nicolae_diamond_shop,
          mrwooster_statue_mirror, chequers_serial_rivers_micro_a
D:7:      layout_loops_corners, lemuel_crystal_altar,
          gammafunk_ghost_necromancy, serial_shops, nicolae_stop_n_shop_1
D:8:      layout_gridville, mainiacjoe_overflow_concentric_impassable,
          mainiacjoe_overflow_24_doors
D:9:      layout_gridville, xom_teletrap_fun, gammafunk_ghost_hive,
          disabler_island
D:10:     layout_long_grid, nicolae_overflow_hidden_temple,
          mainiacjoe_overflow_six_doors_small, dpeg_lair_monsters,
          nicolae_trove_entry_crystal, uniq_fannar
D:11:     minmay_four_partial_circles, layout_cave_pools
D:12:     layout_basic, orc_0_dummy, uniq_kirke, uniq_psyche, uniq_josephine
Temple:   compressed_dpeg_triangle_lava_temple
Lair:1:   layout_gridlike, gauntlet_entry_generic, beast_lair_carwin_10,
          lemuel_fruit_fields, grunt_megastairs_3
Gauntlet: gammafunk_gauntlet_one_two_three [nicolae_gauntlet_arena_t_cross,
          gammafunk_gauntlet_arena_open, gammafunk_gauntlet_arena_spirals,
          gammafunk_gauntlet_arena_arrow_garden, nicolae_gauntlet_arena_x,
          minmay_gauntlet_arena_make_your_own_arena,
          gammafunk_gauntlet_arena_mazey, gammafunk_gauntlet_arena_grid,
          nicolae_gauntlet_arena_flowing_pool,
          dreamdust_gauntlet_exit_labyrinth]

Skill      XL: |  1  2  3  4  5  6  7  8  9 10 11 12 |
---------------+-------------------------------------+-----
Stealth        | 2 |  2.0
Staves         | 1 2 3 4 5 6 7 |  7.5
Evocations     | 1 2 3 4 5 6 7 |  7.4
Armour         | 1 2 3 4 5 6 7 |  7.3
Fighting       | 4 5 6 7 8 9 |  9.5
Invocations    | 2 4 6 7 9 10 | 10.2
Necromancy     | 2 4 5 |  5.6
Polearms       | |  2.4
Dodging        | |  2.6

Action                   |  1- 3 |  4- 6 |  7- 9 | 10-12 || total
-------------------------+-------+-------+-------+-------++-------
Melee: Spear             |    48 |       |       |       ||    48
       Staff             |   132 |   642 |   496 |   405 ||  1675
       Punch             |     2 |    10 |     6 |    11 ||    29
Invok: Ancestor Life: He |       |     1 |       |       ||     1
       Recall Ancestor   |       |       |     1 |     5 ||     6
       Idealise          |       |       |       |     1 ||     1
Evoke: Wand              |       |       |     3 |    27 ||    30
  Use: Scroll            |       |     6 |     9 |     5 ||    20
 Stab: Sleeping          |     9 |       |       |     2 ||    11
       Confused          |       |       |    20 |    12 ||    32
       Distracted        |       |       |     5 |    12 ||    17
Armor: Robe              |    42 |    17 |       |       ||    59
       Scale mail        |       |   377 |   149 |       ||   526
       Leather armour    |       |     5 |       |       ||     5
       Acid dragon scale |       |       |    13 |   154 ||   167
Dodge: Dodged            |   129 |   542 |   184 |   308 ||  1163

Table legend: (Time is in decaauts)
 A = Elapsed time spent in this place.
 B = Non-inter-level travel time spent in this place.
 C = Inter-level travel time spent in this place.
 D = Time resting spent in this place.
 E = Time spent auto-exploring this place.
 F = Levels seen in this place.
 G = Mean time per level.
                   A        B        C        D        E       F      G
               +--------+--------+--------+--------+--------+-----+--------+
         Total |  13789 |  12904 |    885 |   1151 |   7600 |  16 |  861.8 |
       Dungeon |  11903 |  11027 |    876 |    867 |   7107 |  12 |  991.9 |
        Temple |     70 |     64 |      6 |      0 |      0 |   1 |   70.0 |
          Lair |    126 |    123 |      3 |     32 |      0 |   1 |  126.0 |
         Sewer |    769 |    769 |      0 |    117 |    209 |   1 |  769.0 |
      Gauntlet |    920 |    920 |      0 |    135 |    284 |   1 |  920.0 |
               +--------+--------+--------+--------+--------+-----+--------+

Top non-repeatable levels by time:
    D:10: 1966 daAuts
     D:2: 1315 daAuts
     D:1: 1202 daAuts
     D:8: 1094 daAuts
     D:7: 1081 daAuts
    D:11: 1036 daAuts
     D:4: 969 daAuts
Gauntlet: 920 daAuts
     D:9: 896 daAuts
     D:6: 884 daAuts
   Sewer: 769 daAuts
     D:5: 702 daAuts
     D:3: 665 daAuts
  Lair:1: 126 daAuts
    D:12: 88 daAuts
